 Dungeon Crawl Stone Soup version 0.22.0-49-gab54619 (webtiles) character file.

27300 jerryfan the Cleaver (level 13, -8/101 HPs)
             Began as a Demonspawn Fighter on Sept 3, 2018.
             Was a High Priest of Okawaru.
             Mangled by a red devil
             ... wielding a +0 demon trident
             ... summoned by an orc sorcerer
              (9 damage)
             ... while paralysed by an orc sorcerer
             ... on level 2 of the Orcish Mines.
             The game lasted 01:08:34 (19103 turns).

jerryfan the Cleaver (Demonspawn Fighter)          Turns: 19103, Time: 01:08:35

Health: -8/101     AC: -5    Str: 21    XL:     13   Next: 3%
Magic:  0/13       EV:  2    Int: 10    God:    Okawaru [*****.]
Gold:   961        SH:  0    Dex: 13    Spells: 12/12 levels left

rFire    . . .     SeeInvis +   R - +3 broad axe (pain)
rCold    . . .     Gourm    .   c - +0 shield
rNeg     . . .     Faith    .   A - +2 ring mail {rPois}
rPois    +         Spirit   +   Q - +2 hat
rElec    +         Reflect  +   E - +1 cloak
rCorr    .         Harm     .   i - +0 pair of gloves
MR       .....                  (no boots)
Stlth    ++........             F - brooch of Shielding {Reflect SH+8}
HPRegen  0.26/turn              h - ring of see invisible
MPRegen  0.26/turn              (no ring)

@: confused, paralysed, about to teleport, corroded, drained
A: hooves 2, horns 1, repulsion field 2, blurry vision 1, nightstalker 2,
screaming 1, electricity resistance, magic shield, magic regeneration
a: Heroism, Finesse, Renounce Religion


You were on level 2 of the Orcish Mines.
You worshipped Okawaru.
Okawaru was extremely pleased with you.
You were hungry.

You visited 3 branches of the dungeon, and saw 17 of its levels.

You collected 961 gold pieces.

Inventory:

Hand Weapons
 a - a +1 war axe
 n - a +0 great mace of protection
 s - a cursed -1 hand axe
 K - a +0 blowgun
 R - a +3 broad axe of pain (weapon)
Missiles
 q - 15 tomahawks
 v - 4 tomahawks of returning
 w - 9 needles of sleeping
 y - 3 needles of paralysis
 B - 2 throwing nets
 D - 70 poisoned needles
 L - 2 poisoned tomahawks
 M - 2 steel tomahawks (quivered)
Armour
 b - a +0 scale mail
 c - a +0 shield (worn)
 d - the +3 chain mail "Ejaits" {rN+ MP-9 Slay+2 Stlth+}
   (Okawaru gifted it to you on level 11 of the Dungeon)

   It affects your accuracy and damage with ranged weapons and melee attacks
   (+2).
   It protects you from negative energy.
   It affects your magic capacity (-9).
   It makes you more stealthy.
 i - a +0 pair of gloves (worn)
 o - a +0 ring mail
 z - a +0 helmet
 A - a +2 ring mail of poison resistance (worn)
 E - a +1 cloak (worn)
 G - the cursed +1 robe of Fedhas's Favour {Str-5 Dex+3 SInv}
   (You found it on level 6 of the Dungeon)

   It affects your strength (-5).
   It affects your dexterity (+3).
   It lets you see invisible.
   It has a curse placed upon it.
 J - a +0 buckler of poison resistance
 Q - a +2 hat (worn)
 U - a +2 hat
Jewellery
 h - a ring of see invisible (left hand)
 m - an uncursed amulet of the gourmand
 F - the brooch of Shielding (around neck) {Reflect SH+8}
   (You found it on level 9 of the Dungeon)

   [amulet of reflection]

   It shields you and reflects attacks.
   It affects your SH (+8).
 N - a +4 amulet of reflection {unknown}
Wands
 t - a wand of polymorph (13)
 x - a wand of digging (12)
 C - a wand of random effects (73)
 H - a wand of paralysis (16)
 O - a wand of flame (31)
 T - a wand of acid (4)
Scrolls
 e - 3 scrolls of remove curse
 g - 3 scrolls of amnesia
 l - 4 scrolls of identify
 r - 2 scrolls of magic mapping
 u - 9 scrolls of teleportation
 V - a scroll of fog
 Y - 2 scrolls of enchant armour
Potions
 j - 8 potions of curing
 k - a potion of flight
 I - a potion of cancellation
 P - 2 potions of haste
 S - a potion of might
 W - 2 potions of mutation
 X - a potion of magic
Comestibles
 f - 24 rations


   Skills:
 + Level 9.1(8.4) Fighting
 * Level 11.1(10.4) Axes
 + Level 7.7(7.1) Throwing
 + Level 8.4(7.7) Armour
 + Level 7.7(7.1) Dodging
 + Level 8.2(7.6) Shields


You had 12 spell levels left.
You didn't know any spells.
Your spell library contained the following spells:

 Spells                   Type           Power        Failure   Level  Hunger
 Summon Butterflies       Summ           #.......     83%         1    ##.....
 Ensorcelled Hibernation  Hex/Ice        #.....       92%         2    ###....
 Call Canine Familiar     Summ           #.......     99%         3    ####...
 Summon Ice Beast         Ice/Summ       #.......     100%        4    #####..
 Summon Mana Viper        Hex/Summ       #.......     100%        5    ######.
 Summon Hydra             Summ           #.........   100%        7    #######


Dungeon Overview and Level Annotations

Branches:
Dungeon (13/15)            Temple (0/1) D:7            Lair (2/6) D:10
    Orc (2/2) D:10
  Swamp: Lair:2-4    Shoals: Lair:2-4     Snake: Lair:2-4    Spider: Lair:2-4
    Elf: Orc:2       Vaults: D:13-14

Altars:
Ashenzari
Dithmenos
Elyvilon
Fedhas
Gozag
Hepliaklqana
Nemelex Xobeh
Okawaru
Qazlal
Sif Muna
Vehumet
Zin
The Shining One

Shops:
D:12 (

Annotations:
D:3 2 transporters, exclusion: 2 downstairs
D:5 exclusion: downstairs
D:7 exclusion: downstairs
D:10 exclusion: 2 oklob plants
D:11 exclusions: door and downstairs
D:12 exclusions: 3 downstairs and obsidian statue
Lair:1 exclusion: 2 downstairs
Lair:2 Erica, Nergalle


Innate Abilities, Weirdness & Mutations

You have hoof-like feet.
You are surrounded by a moderate repulsion field. (EV +3)
You are significantly more attuned to the shadows.
When hurt, damage is shared between your health and your magic reserves.
You regenerate magic rapidly.
You have a pair of small horns on your head.
Scrolls take you a little longer to read.
You occasionally shout uncontrollably at your foes.
You are resistant to electric shocks. (rElec)


Message History

The orc sorcerer points at you and mumbles some strange words.
You shrug off the repeated paralysis!
The orc sorcerer gestures at you while chanting.
The bolt of fire hits you!
* * * LOW HITPOINT WARNING * * *
The red devil hops backward while attacking.
The red devil hits you from afar with a demon trident!
* * * LOW HITPOINT WARNING * * *
The rust devil hits you!
* * * LOW HITPOINT WARNING * * *
The rust devil corrodes you! The orc wizard completely misses you.
The orc sorcerer hits you with a dagger!
* * * LOW HITPOINT WARNING * * *
The orc sorcerer hits you but does no damage.
The orc sorcerer hits you with a dagger.
* * * LOW HITPOINT WARNING * * *
The rust devil hits you. The rust devil corrodes you!
The red devil hits you from afar with a demon trident!
You die...

.......... .........
...8.... #4oO..#
#≈oo.§# #§@o4§#
##≈o4.§## #≈§...≈≈#
§# ##§≈...§§## ##§§
≈§§≈...§≈§≈###≈≈§≈
≈##≈...≈##≈≈≈§≈§≈§
#§...§##≈≈≈§§### ..
.≈≈.....≈≈§..§##.###.
...........#.........


You could see an ice devil, a rust devil, 3 orc sorcerers, a red devil, an ogre
and 2 orc wizards.

Vanquished Creatures
  A hydra (D:11)
  2 centaur warriors (D:12)
  2 two-headed ogres
  A death knight (D:11)
  2 unseen horrors
  A shambling mangrove (D:10)
  2 ugly things
  An orc sorcerer (Orc:1)
  A deep elf mage (D:12)
  A cyclops (Orc:1)
  Maurice (D:11)
  A gargoyle (D:12)
  Psyche (D:11)
  A tengu conjurer (D:12)
  A troll (D:10)
  2 hornets (D:10)
  9 blink frogs (Lair:1)
  6 slime creatures (D:12)
  5 hippogriffs
  A shadow (D:12)
  2 wyverns
  26 yaks
  3 hungry ghosts
  2 wargs
  5 water moccasins
  10 porcupines
  A black bear (D:9)
  16 orc warriors
  3 sky beasts
  5 ogres
  5 ice beasts
  3 necrophages
  6 crocodiles (Lair:1)
  2 centaurs
  A big kobold (D:10)
  8 bullfrogs
  7 scorpions
  17 killer bees
  5 electric eels
  A howler monkey (D:9)
  4 crimson imps
  10 hounds
  A jelly (D:5)
  12 orc priests
  3 centaur skeletons
  A quasit (D:9)
  15 orc wizards
  Jessica (D:3)
  3 bullfrog skeletons
  Natasha (thrice) (D:4)
  5 iguanas
  6 worker ants
  2 killer bee zombies
  A hound zombie (D:6)
  3 hound skeletons
  A howler monkey zombie (D:6)
  A howler monkey skeleton (D:4)
  11 adders
  5 gnolls
  4 shadow imps
  An adder zombie (D:9)
  6 worms
  A dart slug (D:4)
  7 leopard geckos
  62 orcs
  5 bats
  7 giant cockroaches
  9 goblins
  7 hobgoblins
  8 jackals
  8 kobolds
  4 quokkas
  4 frilled lizards
  A leopard gecko skeleton (D:4)
  A leopard gecko zombie (D:7)
  5 rats
  2 plants (D:10)
400 creatures vanquished.

Vanquished Creatures (others)
  A cyclops (D:12)
  An orc priest (D:8)
  2 orcs
  A fungus (Lair:1)
  A plant (Lair:1)
6 creatures vanquished.

Grand Total: 406 creatures vanquished

Notes
Turn   | Place    | Note
-------+----------+-------------------------------------------
     0 | D:1      | jerryfan the Demonspawn Fighter began the quest for the
                  | Orb.
     0 | D:1      | Reached XP level 1. HP: 18/18 MP: 1/1
    34 | D:1      | Reached skill level 2 in Axes
    34 | D:1      | Gained mutation: You have large cloven feet. [demonic
                  | ancestry]
    34 | D:1      | Reached XP level 2. HP: 17/24 MP: 2/2
   395 | D:1      | Reached XP level 3. HP: 29/29 MP: 3/3
  1312 | D:2      | Gained mutation: You are surrounded by a mild repulsion
                  | field. (EV +2) [demonic ancestry]
  1312 | D:2      | Reached XP level 4. HP: 35/35 MP: 4/4
  1371 | D:2      | Found a shattered altar of Ashenzari.
  1371 | D:2      | Found a stormy altar of Qazlal.
  1376 | D:2      | Found a deep blue altar of Sif Muna.
  1378 | D:2      | Found a faded altar of an unknown god.
  1380 | D:2      | Found a radiant altar of Vehumet.
  1536 | D:3      | Reached skill level 1 in Throwing
  1536 | D:3      | Reached skill level 1 in Dodging
  1835 | D:3      | Found a transporter.
  1854 | D:3      | Reached skill level 3 in Axes
  1856 | D:3      | Gained mutation: When hurt, damage is shared between your
                  | health and your magic reserves. [demonic ancestry]
  1856 | D:3      | Reached XP level 5. HP: 14/41 MP: 5/5
  2121 | D:3      | Found a transporter.
  2327 | D:3      | Found a hazy altar of Hepliaklqana.
  2768 | D:3      | Reached XP level 6. HP: 47/47 MP: 6/6
  2888 | D:3      | Noticed Jessica
  2900 | D:3      | Killed Jessica
  2911 | D:3      | Identified Jessica's Compendium of Beguiling
  3059 | D:4      | Noticed Natasha
  3121 | D:4      | Reached skill level 4 in Axes
  3153 | D:4      | Killed Natasha
  3341 | D:4      | Gained mutation: You have hoof-like feet. [demonic
                  | ancestry]
  3341 | D:4      | Reached XP level 7. HP: 50/54 MP: 5/7
  3818 | D:4      | Noticed Natasha
  3841 | D:4      | Killed Natasha
  4084 | D:4      | Noticed Natasha
  4091 | D:4      | Killed Natasha
  4514 | D:5      | Entered Level 5 of the Dungeon
  4704 | D:5      | Found an opulent altar of Gozag.
  5207 | D:5      | Gained mutation: You regenerate magic rapidly. [demonic
                  | ancestry]
  5207 | D:5      | Reached XP level 8. HP: 58/61 MP: 8/8
  5586 | D:6      | Reached skill level 5 in Axes
  5714 | D:6      | Got a creamy pearl robe
  5715 | D:6      | Identified the cursed +1 robe of Fedhas's Favour {Str-5
                  | Dex+3 SInv} (You found it on level 6 of the Dungeon)
  6034 | D:6      | Found an iron altar of Okawaru.
  6044 | D:6      | Became a worshipper of Warmaster Okawaru
  6078 | D:6      | Gained mutation: You have a pair of small horns on your
                  | head. [potion of mutation]
  6078 | D:6      | Gained mutation: You occasionally shout uncontrollably at
                  | your foes. [potion of mutation]
  6078 | D:6      | Gained mutation: Scrolls take you a little longer to read.
                  | [potion of mutation]
  6078 | D:6      | Gained mutation: You are resistant to electric shocks.
                  | (rElec) [potion of mutation]
  6339 | D:6      | Reached skill level 5 in Fighting
  6855 | D:7      | Noticed a hippogriff
  6867 | D:7      | Killed a hippogriff
  6867 | D:7      | Reached * piety under Okawaru
  6867 | D:7      | Reached skill level 6 in Axes
  6956 | D:7      | Gained mutation: You are surrounded by a moderate repulsion
                  | field. (EV +3) [demonic ancestry]
  6956 | D:7      | Reached XP level 9. HP: 57/68 MP: 9/9
  7046 | D:7      | Found a glowing golden altar of the Shining One.
  7046 | D:7      | Found a white marble altar of Elyvilon.
  7046 | D:7      | Found a glowing silver altar of Zin.
  7164 | D:7      | Found a hazy altar of Hepliaklqana.
  7286 | D:7      | Found a staircase to the Ecumenical Temple.
  7349 | D:7      | Reached skill level 5 in Armour
  7448 | D:7      | Reached skill level 5 in Shields
  8043 | D:8      | Noticed an efreet
  8295 | D:8      | Reached ** piety under Okawaru
  8390 | D:8      | Found a blossoming altar of Fedhas.
  8477 | D:8      | Found a shadowy altar of Dithmenos.
  8682 | D:8      | Found a sparkling altar of Nemelex Xobeh.
  8696 | D:8      | Found a blossoming altar of Fedhas.
  9114 | D:9      | Found the brooch of Shielding {Reflect SH+8}
  9151 | D:9      | Reached skill level 7 in Axes
  9757 | D:10     | Entered Level 10 of the Dungeon
  9801 | D:10     | Noticed an unseen horror
  9815 | D:10     | Killed an unseen horror
  9815 | D:10     | Reached *** piety under Okawaru
  9815 | D:10     | Reached XP level 10. HP: 70/76 MP: 10/10
 10028 | D:10     | Reached skill level 5 in Throwing
 10263 | D:10     | Reached **** piety under Okawaru
 10263 | D:10     | Reached skill level 5 in Dodging
 10308 | D:10     | Received a gift from Okawaru
 10688 | D:10     | Found a staircase to the Lair.
 10688 | D:10     | Noticed an oklob plant
 10688 | D:10     | Noticed an oklob plant
 10775 | D:10     | Reached skill level 8 in Axes
 11045 | D:10     | Found a staircase to the Orcish Mines.
 11211 | D:10     | Noticed an oklob plant
 11828 | D:10     | Noticed a shambling mangrove
 11828 | D:10     | an oklob plant changed into a shambling mangrove
 11894 | D:11     | Noticed Maurice
 11895 | D:11     | Paralysed by Maurice for 7 turns
 11904 | D:11     | Noticed a two-headed ogre
 12019 | D:10     | Killed a two-headed ogre
 12308 | D:11     | Noticed a white ugly thing
 12330 | D:11     | Killed a white ugly thing
 12330 | D:11     | Received a gift from Okawaru
 12501 | Lair:1   | Entered Level 1 of the Lair of Beasts
 12691 | Lair:1   | Reached XP level 11. HP: 51/84 MP: 7/11
 13137 | Lair:1   | Reached skill level 9 in Axes
 13218 | Lair:1   | Reached ***** piety under Okawaru
 13307 | Lair:1   | Received a gift from Okawaru
 13514 | Lair:1   | Received a gift from Okawaru
 13829 | Lair:1   | Received a gift from Okawaru
 14498 | Lair:2   | Noticed Erica
 14498 | Lair:2   | Noticed Nergalle
 14587 | Lair:2   | Noticed a four-headed hydra
 15168 | D:11     | Gained mutation: You are slightly more attuned to the
                  | shadows. [demonic ancestry]
 15168 | D:11     | Reached XP level 12. HP: 62/92 MP: 9/12
 15326 | D:11     | Reached skill level 10 in Axes
 15353 | D:11     | Noticed a five-headed hydra
 15597 | D:11     | Paralysed by Maurice for 4 turns
 15616 | D:11     | Killed Maurice
 15746 | D:11     | Noticed a death knight
 15798 | D:11     | Killed a death knight
 16071 | D:11     | Received a gift from Okawaru
 16072 | D:11     | Got a faintly humming chain mail {god gift}
 16075 | D:11     | Identified the +3 chain mail "Ejaits" {rN+ MP-9 Slay+2
                  | Stlth+} (Okawaru gifted it to you on level 11 of the
                  | Dungeon)
 16221 | D:11     | Noticed Psyche
 16233 | D:11     | Killed Psyche
 16454 | D:11     | Killed a seven-headed hydra
 17586 | D:12     | Noticed a two-headed ogre
 17592 | D:12     | Killed a two-headed ogre
 17646 | D:12     | Found Gitib's Antique Weapon Shoppe.
 17837 | D:13     | Found an opulent altar of Gozag.
 17837 | D:13     | Noticed a centaur warrior
 17837 | D:13     | Noticed a centaur warrior
 17846 | D:12     | Killed a centaur warrior
 17876 | D:12     | Killed a centaur warrior
 17876 | D:12     | Reached skill level 11 in Axes
 17896 | D:13     | Noticed a tengu warrior
 18281 | Orc:1    | Entered Level 1 of the Orcish Mines
 18660 | Orc:1    | Gained mutation: You are significantly more attuned to the
                  | shadows. [demonic ancestry]
 18660 | Orc:1    | Reached XP level 13. HP: 101/101 MP: 13/13
 18864 | Orc:2    | Entered Level 2 of the Orcish Mines
 19089 | Orc:2    | Paralysed by an orc sorcerer for 4 turns
 19101 | Orc:2    | Paralysed by an orc sorcerer for 5 turns
 19102 | Orc:2    | HP: 1/101 [rust devil[an orc sorcerer] (8)]
 19103 | Orc:2    | Mangled by a red devil

Skill      XL: |  1  2  3  4  5  6  7  8  9 10 11 12 |
---------------+-------------------------------------+-----
Axes           | 2 3 4 6 7 8 9 11 | 11.1
Armour         | 3 4 5 6 7 8 |  8.4
Shields        | 3 4 5 6 7 8 |  8.2
Throwing       | 1 2 3 4 5 6 7 |  7.7
Dodging        | 1 2 3 4 5 6 7 |  7.7
Fighting       | 4 5 6 7 8 9 |  9.1

Action                   |  1- 3 |  4- 6 |  7- 9 | 10-12 | 13-15 || total
-------------------------+-------+-------+-------+-------+-------++-------
Melee: War axe           |    80 |   166 |   489 |   455 |       ||  1190
       Kick              |    12 |    50 |   119 |   266 |     7 ||   454
       Headbutt          |       |       |    55 |   171 |     7 ||   233
       Broad axe         |       |       |       |   375 |    35 ||   410
 Fire: Blowgun           |       |       |       |     3 |       ||     3
Throw: Tomahawk          |       |       |    12 |    25 |       ||    37
       Throwing net      |       |       |       |     1 |       ||     1
Evoke: Wand              |       |       |     3 |    25 |       ||    28
  Use: Scroll            |     1 |     1 |    14 |     8 |     1 ||    25
       Potion            |       |     1 |    14 |     4 |     1 ||    20
 Stab: Distracted        |       |       |       |     1 |       ||     1
  Eat: Chunk             |     4 |    15 |    30 |    10 |     1 ||    60
       Ration            |       |       |       |     4 |       ||     4
Armor: Scale mail        |    29 |    59 |    12 |       |       ||   100
       Ring mail         |       |       |   148 |   133 |    13 ||   294
Dodge: Dodged            |    28 |    48 |   262 |   346 |    28 ||   712
Block: Shield            |    38 |    64 |   274 |   773 |    44 ||  1193
       Reflection        |       |       |       |    13 |       ||    13
